AoeStats
← Spaceglider

Four Lakes

508536205Analyzed
1v1 RM · 10d ago on Sep 22, 2026· 34m 47s· 2 players
Game mode
Random Map
Map size
Tiny (2 player)
Population
200
Speed
Normal
Resources
Standard
Victory
Conquest
Starting age
Dark Age
Ending age
Imperial Age
RankedLock teamsTeams togetherTeam positionsShared explorationLock speedFull tech treeHidden civsTurbo modeCheats
Victory
Defeat
🇷🇴 Goths · Romania
1510
+17
🇺🇸 Aztecs · United States
1530
-17
Pantera
2:22 Loom
9:45 Feudal Age
10:13 Double-Bit Axe
10:26 Man-at-Arms
14:31 Horse Collar
18:12 Fishing Lines
21:01 Fletching
24:13 Castle Age
22:48 Gold Mining
23:10 Padded Archer Armor
25:11 Bodkin Arrow
26:37 Leather Archer Armor
27:36 Wheelbarrow
27:10 Town Watch
28:08 Gillnets
28:30 Stone Mining
28:10 Long Swordsman
29:45 Scale Mail Armor
31:12 Squires
Spaceglider
6:30 Loom
9:20 Feudal Age
9:57 Double-Bit Axe
12:06 Town Watch
20:22 Castle Age
18:52 Fletching
21:06 Bodkin Arrow
20:31 Crossbowman
22:54 Bow Saw
26:34 Eagle Warrior
28:14 Scale Mail Armor
28:44 Squires
29:26 Wheelbarrow
29:27 Chain Mail Armor
30:33 Medium Warships
31:06 Horse Collar
31:47 Stone Mining
31:47 Gold Mining
36:38 Imperial Age
Connection lost

Rejoining the realm…

Still unreachable

The connection could not be restored.

Session expired

The server has moved on; the page needs a fresh start.